 Dungeon Crawl Stone Soup version 0.25.0-9-g26727b657a (webtiles) character file.

Game seed: 7685687533363635280

45 grindst0ne the Magician (level 3, -3/26 HPs)
             Began as a Demigod Wizard on June 19, 2020.
             Killed by divine providence
             ... invoked by an orc priest
              (11 damage)
             ... on level 2 of the Dungeon.
             The game lasted 00:02:15 (1747 turns).

grindst0ne the Magician (Demigod Wizard)            Turns: 1747, Time: 00:02:16

Health: -3/26      AC:  5    Str: 10    XL:     3   Next: 25%
Magic:  4/9        EV: 13    Int: 24    God:
Gold:   92         SH:  0    Dex: 14    Spells: 2/7 levels left

rFire    . . .     SeeInvis +   (no weapon)
rCold    . . .     Gourm    .   (no shield)
rNeg     . . .     Faith    +   a - +0 robe
rPois    .         Spirit   .   c - +2 helmet
rElec    .         Reflect  .   (no cloak)
rCorr    .         Harm     .   (no gloves)
MR       .....                  (no boots)
Stlth    +++.......             f - amulet of faith
HPRegen  0.08/turn              e - ring of stealth
MPRegen  0.11/turn              h - ring of see invisible

@: no status effects
A: high mp 1
a: no special abilities


You were on level 2 of the Dungeon.
You were not hungry.

You visited 1 branch of the dungeon, and saw 2 of its levels.

You collected 92 gold pieces.

Inventory:

Armour
 a - a +0 robe (worn)
 c - a +2 helmet (worn)
Jewellery
 e - a ring of stealth (left hand)
 f - an amulet of faith (around neck)
 h - a ring of see invisible (right hand)
Scrolls
 g - 3 scrolls of identify {unknown}
 j - a scroll of immolation {unknown}
Potions
 i - 3 potions of heal wounds {unknown}
 k - a potion of haste {unknown}
Comestibles
 b - 5 chunks of flesh
 d - 3 rations


   Skills:
 + Level 2.5 Dodging
 - Level 1.7 Stealth
 - Level 2.6 Spellcasting
 + Level 2.0 Conjurations
 + Level 1.3 Summonings
 + Level 1.2 Translocations


You had 2 spell levels left.
You knew the following spells:

 Your Spells              Type           Power        Failure   Level  Hunger
a - Magic Dart            Conj           ##..         4%          1    None
b - Blink                 Tloc           N/A          10%         2    ##.....
c - Call Imp              Summ           #.......     10%         2    ##.....

Your spell library contained the following spells:

 Spells                   Type           Power        Failure   Level  Hunger
 Slow                     Hex            #.......     17%         2    ##.....
 Conjure Flame            Conj/Fire      #.......     22%         3    ###....
 Mephitic Cloud           Conj/Pois/Air  #.......     26%         3    ###....


Dungeon Overview and Level Annotations

Branches:
Dungeon (2/15)


Innate Abilities, Weirdness & Mutations

You have an increased reservoir of magic. (+10% MP)


Message History

Pain shoots through your body!
Casting: Magic Dart (safe; 4% risk of failure)
Confirm with . or Enter, or press ? or * to list all spells.
Aiming: Magic Dart (safe; 4% risk of failure)
Press: ? - help, Shift-Dir - straight line, f/p - orc priest
Aim: an orc priest, wielding a +0 whip (heavily wounded)
The magic dart hits the orc priest.
The orc priest is severely wounded.
The orc priest calls down the wrath of Beogh upon you.
Beogh smites you!
Casting: Magic Dart (safe; 4% risk of failure)
Confirm with . or Enter, or press ? or * to list all spells.
Aiming: Magic Dart (safe; 4% risk of failure)
Press: ? - help, Shift-Dir - straight line, f/p - orc priest
Aim: an orc priest, wielding a +0 whip (severely wounded)
The magic dart hits the orc wizard.
The orc wizard is lightly wounded.
The orc priest invokes the aid of Beogh against you.
Beogh smites you!
You die...

# #....$
#..........)...#
##.#..o..
######..########
........# #..#
#....)o# #..#
#o# #..# #†#
#..# #.# #..#
#.##########..#
#.o..o..@.÷)..#
#........(....#
###############


You could see an orc priest and an orc wizard.

Vanquished Creatures
  An adder (D:2)
  2 oozes (D:1)
  A leopard gecko (D:1)
  A giant cockroach (D:1)
  3 goblins (D:1)
  2 hobgoblins
  4 jackals (D:2)
  A quokka (D:2)
  A ball python (D:2)
  5 bats
  2 frilled lizards
  2 kobolds (D:2)
  2 rats (D:1)
27 creatures vanquished.

Notes
Turn   | Place    | Note
-------+----------+-------------------------------------------
     0 | D:1      | grindst0ne the Demigod Wizard began the quest for the Orb.
     0 | D:1      | Reached XP level 1. HP: 14/14 MP: 6/6
    61 | D:1      | Reached skill level 1 in Conjurations
   622 | D:1      | Reached XP level 2. HP: 20/20 MP: 4/8
   683 | D:1      | Learned a level 2 spell: Blink
   741 | D:1      | Learned a level 2 spell: Call Imp
   810 | D:1      | Reached skill level 1 in Summonings
   810 | D:1      | Reached skill level 1 in Translocations
   962 | D:1      | Found a glowing golden altar of the Shining One.
  1512 | D:2      | Found a hide-covered altar of Uskayaw.
  1544 | D:2      | Reached XP level 3. HP: 21/26 MP: 3/9
  1747 | D:2      | Killed from afar by an orc priest

Illustrated notes

Levels and vault maps discovered:
D:1:      dpeg_arrival_subterranean_lakeside_camping, layout_loops_ring,
          minmay_misc_feat_room, minmay_strange_pillars, tso_altar
D:2:      minmay_door_path, layout_loops_ring,
          chequers_temple_overflow_statue_of_worship, bloody_trog,
          lemuel_crystal_altar

Skill      XL: |  1  2  3 |
---------------+----------+-----
Conjurations   | 1 2 |  2.0
Dodging        | 2 |  2.5
Summonings     | 1 |  1.3
Translocations | 1 |  1.2
Stealth        | |  1.7
Spellcasting   | |  2.6

Action                   || total
-------------------------++-------
Melee: Unarmed           ||    25
 Cast: Magic Dart        ||    72
  Eat: Chunk             ||     2
Armor: Robe              ||    17
Dodge: Dodged            ||    55
